 Dungeon Crawl Stone Soup version 0.30-a0-219-gf2db51d15e (webtiles) character file.

Game seed: 5458220954388702793

1726 Flugkiller the Ducker (level 9, -1/58 HPs)
             Began as an Octopode Wanderer on Oct 7, 2022.
             Was a Priest of Qazlal.
             Slain by an ogre
             ... wielding a +0 giant club
              (11 damage)
             ... on level 5 of the Dungeon.
             The game lasted 00:08:01 (3900 turns).

Flugkiller the Ducker (Octopode Wanderer)           Turns: 3900, Time: 00:08:02

Health: -1/58      AC:  1    Str: 17    XL:     9   Next: 4%
Magic:  12/12      EV: 15    Int: 11    God:    Qazlal [***...]
Gold:   174        SH: 15    Dex: 14    Spells: 11/12 levels left

rFire   . . .      SeeInvis .    m - +5 long sword (vorpal)
rCold   . . .      Faith    .    p - +5 buckler of the Arena {rElec Str+5 Int-4}
rNeg    . . .      Spirit   .    (helmet restricted)
rPois   .          Reflect  .    (no amulet)
rElec   +          Harm     .    (no ring)
rCorr   .          Rampage  .    (no ring)
Will    .....                    (no ring)
Stlth   ++........               (no ring)
HPRegen 0.29/turn                (no ring)
MPRegen 0.13/turn                (no ring)
                                 (no ring)
                                 (no ring)

@: no status effects
A: almost no armour, amphibious, 8 rings, camouflage 1, gelatinous body 1,
(nimble swimmer 1), tentacles
a: Renounce Religion, Upheaval, Elemental Force


You were on level 5 of the Dungeon.
You worshipped Qazlal.
Qazlal was most pleased with you.
You visited 1 branch of the dungeon, and saw 5 of its levels.

You collected 274 gold pieces.
You spent 100 gold pieces at shops.

Inventory:

Hand Weapons
 a - a +0 short sword
 c - a +0 scimitar
   (You found it on level 3 of the Dungeon)
 i - a +0 long sword
   (You found it on level 2 of the Dungeon)
 l - a +0 dagger of venom
   (You took it off an orc wizard on level 3 of the Dungeon)
 m - a +5 vorpal long sword (weapon)
   (You took it off Blork the orc on level 4 of the Dungeon)
Missiles
 g - 5 boomerangs
Armour
 f - a +0 buckler
   (You found it on level 1 of the Dungeon)
 p - the +5 buckler of the Arena (worn) {rElec Str+5 Int-4}
   (You acquired it on level 3 of the Dungeon)

   Str:       It affects your strength (+5).
   Int:       It affects your intelligence (-4).
   rElec:     It insulates you from electricity.
Jewellery
 o - an amulet of the acrobat
   (You found it on level 3 of the Dungeon)
 s - a ring of flight
   (You found it on level 4 of the Dungeon)
Wands
 b - a wand of flame (7)
Scrolls
 d - 2 scrolls of immolation
 h - a scroll of torment {unknown}
 r - a scroll of enchant armour {unknown}
 t - a scroll of amnesia {unknown}
Potions
 e - 4 potions of attraction
 j - a potion of flight {unknown}
 k - a potion of mutation {unknown}
 q - 2 potions of curing
 w - a potion of heal wounds


   Skills:
 + Level 4.0 Fighting
 - Level 3.0(3.8) Short Blades
 + Level 3.5(4.0) Long Blades
 * Level 7.1 Dodging
 - Level 1.3 Stealth
 - Level 6.0 Shields
 - Level 2.0 Spellcasting
 - Level 4.0 Summonings
 - Level 1.1 Evocations


You had 11 spell levels left.
You knew the following spells:

 Your Spells              Type           Power      Damage    Failure   Level
a - Summon Small Mammal   Summ           36%        N/A       7%          1

Your spell library contained the following spells:

 Spells                   Type           Power      Damage    Failure   Level
 Call Canine Familiar     Summ           9%         N/A       22%         3
 Slow                     Hex            4%         N/A       36%         1
 Summon Guardian Golem    Hex/Summ       5%         N/A       43%         3
 Static Discharge         Conj/Air       2%         2-3/arc   50%         2
 Confusing Touch          Hex            1%         N/A       73%         3
 Vampiric Draining        Necr           1%         2d6       73%         3
 Vhi's Electric Charge    Tloc/Air       2%         N/A       73%         3
 Arcjolt                  Conj/Air       0%         1d10      100%        5
 Lightning Bolt           Conj/Air       0%         1d11      100%        5
 Orb of Destruction       Conj           0%         9d5       100%        7
 Spellforged Servitor     Conj/Summ      2%         N/A       100%        7


Dungeon Overview and Level Annotations

Branches:
Dungeon (5/15) Zot: 26108
 Temple: D:4-7

Altars:
Elyvilon
Qazlal
Sif Muna

Shops:
D:2 *


Innate Abilities, Weirdness & Mutations

You cannot wear most types of armour.
You are amphibious.
You can wear up to eight rings at the same time.
Your skin changes colour to match your surroundings (Stealth+).
Your rubbery body absorbs attacks. (AC +1, EV +1)
((You are camouflaged when in or above water. (Stealth+)))
You have tentacles for arms and can constrict up to eight enemies at once.


Message History

The dart slug launches a dart at you. You block the slug dart.
The scorpion moves out of view.
You block the hound's attack. The hound attacks as you move away!
You block the hound's attack.
You hear a shout!
An orc comes into view. It is wielding a +0 club.
The dart slug briefly extends its eye-stalks.
You see here a potion of heal wounds.
w - a potion of heal wounds You hear an angry hiss.
The hound bites you. You block the hound's attack.
You slash the hound! You grab the hound.
The hound is severely wounded.
You constrict the hound.
An adder comes into view.
The hound closely misses you. The scorpion stings you!
The hound completely misses you.
You slash the scorpion! Your grab misses the scorpion.
The scorpion is severely wounded.
You constrict the hound. You block the scorpion's attack. The hound bites you.
* * * LOW HITPOINT WARNING * * *
The scorpion stings you but does no damage.
Okay, then.
You feel much better.
Your resistance to elements expires.
You constrict the hound. You block the hound's attack. The hound bites you.
A steam dragon comes into view.
You block the scorpion's attack.
A scorpion comes into view.
You barely miss the scorpion. You grab the scorpion. You squeeze the scorpion.
You kill the scorpion!
Qazlal accepts your kill.
You constrict the hound.
You kill the hound!
Qazlal accepts your kill.
You hear a shout!
You block the killer bee's attack. The dart slug closely misses you.
The killer bee misses you.
Training target 6.0 for Shields reached!
Your Shields skill increases to level 6!
You need to enable at least one skill for training.
You have reached level 9!
Your experience leads to an increase in your attributes!
Your base attributes are Str 12, Int 15, Dex 12.
Increase (S)trength, (I)ntelligence, or (D)exterity?
You feel agile. x2
Unknown command.
Found a scroll of identify and a book of Minor Magic.
You block the orc's attack. You block the killer bee's attack.
Unknown command.
You slash the adder!
You kill the adder!
Qazlal accepts your kill. You block the killer bee's attack.
The orc is engulfed in blazing flames.
You kill the orc!
Qazlal accepts your kill. The killer bee stings you!
You are poisoned.
The killer bee poisons you!
You feel sick. The killer bee barely misses you.
You block the scorpion's attack. The scorpion attacks as you move away!
You block the scorpion's attack.
The killer bee attacks as you move away!
You block the killer bee's attack.
You feel sick. The killer bee closely misses you.
You hear the rusting of a very distant drain.
You feel sick. You block the killer bee's attack.
You see here a potion of heal wounds.
w - a potion of heal wounds You feel sick.
The killer bee misses you. The killer bee barely misses you.
Found a stone staircase leading up.
You feel sick.
You hear an angry hiss.
The killer bee closely misses you. The dart slug launches a dart at you.
The slug dart misses you.
You feel sick.
You are no longer poisoned.
The killer bee completely misses you.
Found 2 scrolls of teleportation.
You hear an angry hiss.
You block the killer bee's attack. The dart slug launches a dart at you.
You block the slug dart.
The killer bee attacks as you move away!
You block the killer bee's attack. The killer bee closely misses you.
You block the killer bee's attack.
An adder comes into view.
The jelly attacks as you move away! The jelly hits you.
You are splashed with acid!
* * * LOW HITPOINT WARNING * * *
Found a scroll labelled HATSOT MAUZANT.
The adder hisses angrily.
You block the killer bee's attack.
There is a stone staircase leading up here.
The killer bee stings you but does no damage.
The jelly is struck by lightning.
You kill the jelly!
Qazlal accepts your kill. The ogre hits you with a +0 giant club!
You die...

............#..
...............
...............
.#....?.......#
.............##
.............?.
..........§...#
...:.....@..# . ...
.......O§y.# .# .....
.......s.§##..#
......###.........S...#
.........#.......?###..#
...........####w.###.. .
....♣.♣..†....wD.......
###.......)D............
#....♣.♣.♣.♣.♣.♣.♣.♣.♣..


You could see a steam dragon, an ogre, a scorpion, a killer bee, an adder and 2
dart slugs.

Vanquished Creatures
  Pikel (D:4)
  Eustachio (D:4)
  Duvessa (D:4)
  2 ice beasts (D:5)
  A black bear (D:5)
  A lemure (D:4)
  Blork the orc (D:4)
  2 scorpions
  A necrophage (D:5)
  Dowan (D:4)
  3 hounds
  2 jellies (D:5)
  An orc priest (D:4)
  3 iguanas
  An orc wizard (D:3)
  2 gnolls (D:4)
  8 adders
  A shadow imp (D:5)
  A white imp (D:5)
  2 ufetubi
  3 dart slugs
  7 orcs
  3 endoplasms
  3 giant cockroaches
  2 goblins
  8 hobgoblins
  4 jackals (D:2)
  5 quokkas
  5 ball pythons
  4 bats
  3 frilled lizards
  4 kobolds
  2 rats
89 creatures vanquished.

Vanquished Creatures (collateral kills)
  An endoplasm (D:2)
  A giant cockroach (D:2)
  A goblin (D:2)
3 creatures vanquished.

Grand Total: 92 creatures vanquished

Notes
Turn   | Place    | Note
-------+----------+-------------------------------------------
     0 | D:1      | Flugkiller the Octopode Wanderer began the quest for the
                  | Orb.
     0 | D:1      | Flugkiller set off with the following items: a +0 short
                  | sword, a wand of flame (7), a potion of haste; and the
                  | following spell memorised: Summon Small Mammal; and the
                  | following spells available to memorise: Call Canine
                  | Familiar, Summon Guardian Golem.
     0 | D:1      | Reached XP level 1. HP: 11/11 MP: 2/2
    43 | D:1      | Reached skill level 1 in Fighting
   371 | D:1      | Found a faded altar of an unknown god.
   389 | D:1      | Prayed at the altar of an unknown god.
   389 | D:1      | Became a worshipper of Qazlal Stormbringer
   389 | D:1      | Reached * piety under Qazlal
   414 | D:1      | Reached XP level 2. HP: 18/18 MP: 3/3
   975 | D:2      | Reached XP level 3. HP: 23/24 MP: 1/4
  1055 | D:2      | Reached skill level 1 in Dodging
  1055 | D:2      | Reached skill level 1 in Shields
  1217 | D:2      | Reached XP level 4. HP: 4/29 MP: 4/6
  1473 | D:2      | Found Tiarial's Assorted Antiques.
  1478 | D:2      | Bought a scroll labelled ILACUF JYCINIADOU for 25 gold
                  | pieces
  1478 | D:2      | Bought a scroll labelled ILACUF JYCINIADOU for 25 gold
                  | pieces
  1478 | D:2      | Bought a scroll labelled SOLEUR FOLEL for 25 gold pieces
  1478 | D:2      | Bought a scroll labelled YSACUA LAGH for 25 gold pieces
  1630 | D:3      | Reached ** piety under Qazlal
  1697 | D:3      | Found a white marble altar of Elyvilon.
  1718 | D:3      | You fall into a shaft and drop 1 floor!
  1798 | D:4      | Noticed Duvessa
  1801 | D:4      | Noticed Dowan
  1824 | D:4      | Noticed a lemure
  1825 | D:4      | Noticed a lemure
  1832 | D:4      | Noticed a lemure
  2138 | D:3      | Identified a scroll of acquirement
  2224 | D:3      | Found a shimmering blue altar of Sif Muna.
  2315 | D:3      | Reached skill level 2 in Dodging
  2385 | D:3      | Acquired the +5 buckler of the Arena {rElec Str+5 Int-4}
  2792 | D:4      | Noticed a scorpion
  2850 | D:4      | Reached XP level 5. HP: 34/34 MP: 8/8
  2965 | D:4      | Reached skill level 3 in Dodging
  3117 | D:4      | Noticed a lemure
  3120 | D:4      | Noticed Pikel
  3327 | D:4      | Noticed Blork the orc
  3340 | D:4      | Killed Blork the orc
  3341 | D:4      | Reached XP level 6. HP: 34/41 MP: 9/9
  3393 | D:4      | Noticed Eustachio
  3398 | D:4      | Killed Eustachio
  3399 | D:4      | Reached skill level 4 in Dodging
  3399 | D:4      | Reached XP level 7. HP: 42/46 MP: 10/10
  3472 | D:4      | Killed Pikel
  3473 | D:4      | Reached skill level 5 in Dodging
  3473 | D:4      | Reached skill level 1 in Long Blades
  3473 | D:4      | Reached XP level 8. HP: 40/52 MP: 11/11
  3552 | D:4      | Killed Duvessa
  3553 | D:4      | Reached skill level 6 in Dodging
  3576 | D:4      | Killed Dowan
  3750 | D:5      | Entered Level 5 of the Dungeon
  3756 | D:4      | Reached *** piety under Qazlal
  3810 | D:5      | Reached skill level 5 in Shields
  3846 | D:5      | Reached skill level 7 in Dodging
  3887 | D:5      | Reached XP level 9. HP: 31/58 MP: 12/12
  3900 | D:5      | Slain by an ogre

Illustrated notes

Levels and vault maps discovered:
D:1:      dpeg_arrival_stonehenge_8_columns, layout_loops_corners,
          dreamdust_ecumenical_altar_grove, glass_columns_c
D:2:      minmay_spotlight, layout_rooms, serial_shops, shop
D:3:      layout_loops_ring, kennysheep_orc_sif_temple, elyvilon_altar_4,
          chequers_serial_rivers_micro_c, wander_ebering_terrifying_dragon_lair
D:4:      layout_loops_ring, uniq_eustachio, uniq_duvessa, uniq_pikel,
          uniq_blork_the_orc
D:5:      cheibrodos_fzero, layout_cave_pools, kennysheep_mini_moat,
          serial_park, serial_park_fountain, serial_park_square3
          [serial_park_minivault_5x5_1], serial_park_tiny_1,
          gup_sewer_entry_spiral, minmay_between

Skill      XL: |  1  2  3  4  5  6  7  8 |
---------------+-------------------------+-----
Fighting       | 1 2 3 4 |  4.0
Dodging        | 1 2 3 4 5 7 |  7.1
Shields        | 1 2 3 4 6 |  6.0
Spellcasting   | 2 |  2.0
Long Blades    | 1 3 |  3.5
Short Blades   | |  3.0
Stealth        | |  1.3
Summonings     | |  4.0
Evocations     | |  1.1

Action                   |  1- 3 |  4- 6 |  7- 9 || total
-------------------------+-------+-------+-------++-------
Melee: Short sword       |    62 |    39 |       ||   101
       Constrict         |    17 |    29 |    13 ||    59
       Tentacles         |    12 |    23 |    12 ||    47
       Punch             |     1 |     2 |     1 ||     4
       Dagger            |       |    45 |       ||    45
       Long sword        |       |     9 |    61 ||    70
 Cast: Summon Small Mamm |    14 |    22 |     3 ||    39
  Use: Potion            |     1 |     4 |     2 ||     7
       Scroll            |       |     8 |       ||     8
 Stab: Sleeping          |     1 |       |       ||     1
       Invisible         |       |     1 |       ||     1
Armor: Skin              |     8 |     3 |     3 ||    14
Dodge: Dodged            |    36 |    32 |    36 ||   104
Block: Buckler           |    21 |    46 |    60 ||   127

Table legend: (Time is in decaauts)
 A = Elapsed time spent in this place.
 B = Non-inter-level travel time spent in this place.
 C = Inter-level travel time spent in this place.
 D = Time resting spent in this place.
 E = Time spent auto-exploring this place.
 F = Levels seen in this place.
 G = Mean time per level.
                   A        B        C        D        E       F      G
               +--------+--------+--------+--------+--------+-----+--------+
         Total |   3890 |   3725 |    165 |    633 |   2017 |   5 |  778.0 |
       Dungeon |   3890 |   3725 |    165 |    633 |   2017 |   5 |  778.0 |
               +--------+--------+--------+--------+--------+-----+--------+

Top non-repeatable levels by time:
     D:4: 1125 daAuts
     D:3: 1026 daAuts
     D:1: 951 daAuts
     D:2: 649 daAuts
     D:5: 137 daAuts
